 Dungeon Crawl Stone Soup version 0.24-a0-201-gf205589 (webtiles) character file.

Game seed: 8759193949358466689

275 Borgoz the Cutter (level 6, -1/41 HPs)
             Began as a Halfling Gladiator on Mar 24, 2019.
             Was an Initiate of Ashenzari.
             Killed by divine providence
             ... invoked by an orc priest
              (17 damage)
             ... on level 4 of the Dungeon.
             The game lasted 00:05:17 (2521 turns).

Borgoz the Cutter (Halfling Gladiator)              Turns: 2521, Time: 00:05:17

Health: -1/41      AC:  9    Str: 15    XL:     6   Next: 49%
Magic:  7/7        EV: 15    Int:  8    God:    Ashenzari [......]
Gold:   213        SH:  0    Dex: 16    Spells: 7/7 levels left

rFire    . . .     SeeInvis .   a - +0 rapier
rCold    . . .     Gourm    .   (shield restricted)
rNeg     . . .     Faith    .   k - +0 ring mail
rPois    .         Spirit   .   c - +0 helmet
rElec    .         Reflect  .   q - +1 cloak
rCorr    .         Harm     .   h - +0 pair of gloves
MR       .....     Rnd*Tele +   (no boots)
Stlth    +.........             (no amulet)
HPRegen  0.13/turn              s - ring of teleportation (curse)
MPRegen  0.10/turn              (no ring)

@: no status effects
A: small, mutation resistance 1
a: Curse Item, Renounce Religion


You were on level 4 of the Dungeon.
You worshipped Ashenzari.
Ashenzari was noncommittal.
You were not hungry.

You visited 1 branch of the dungeon, and saw 4 of its levels.

You collected 213 gold pieces.

Inventory:

Hand Weapons
 a - a +0 rapier (weapon)
 b - a +2 dagger of flaming
Missiles
 d - 3 throwing nets (quivered)
 l - 10 tomahawks
Armour
 c - a +0 helmet (worn)
 h - a +0 pair of gloves (worn)
 k - a +0 ring mail (worn)
 q - a +1 cloak (worn)
Jewellery
 s - a cursed ring of teleportation (left hand)
 B - an uncursed amulet of the gourmand
Scrolls
 e - 4 scrolls of identify {unknown}
 g - 2 scrolls of enchant weapon {unknown}
 n - a scroll of fear {unknown}
 p - 3 scrolls of remove curse
 r - 2 scrolls of amnesia {unknown}
 t - a scroll of enchant armour {unknown}
 w - a scroll of blinking {unknown}
 y - a scroll of teleportation {unknown}
 z - a scroll of magic mapping {unknown}
 C - a scroll of random uselessness {unknown}
Potions
 i - 2 potions of degeneration {unknown}
 j - a potion of lignification {unknown}
 m - a potion of cancellation {unknown}
 o - a potion of mutation {unknown}
 u - a potion of heal wounds {unknown}
 v - a potion of haste {unknown}
 A - 2 potions of curing {unknown}
Comestibles
 f - 7 rations
 x - 8 chunks of flesh


   Skills:
 + Level 2.4 Fighting
 * Level 4.9 Short Blades
 + Level 2.7 Throwing
 * Level 2.5 Armour
 * Level 4.4 Dodging
 + Level 2.0 Stealth
 + Level 1.1 Spellcasting


You had 7 spell levels left.
You didn't know any spells.
Your spell library was empty.

Dungeon Overview and Level Annotations

Branches:
Dungeon (4/15)
 Temple: D:4-7

Altars:
Ashenzari
Gozag
Hepliaklqana
Nemelex Xobeh
Trog

Shops:
D:4 :

Annotations:
D:3 3 runed translucent doors, p0werm0de's ghost, amateur DrWz


Innate Abilities, Weirdness & Mutations

You are small and have problems with some larger weapons.
You are somewhat resistant to further mutation.


Message History

You kill the quokka!
No target in view!
No target in view!
e - 4 scrolls labeled MIKENE AGUHU (gained 1)
Found a hazy altar of Hepliaklqana.
Eating one of 9 chunks of flesh.
You eat one of the 9 chunks of flesh.
This raw flesh tastes terrible.
An orc wizard comes into view. It is wielding a -2 dagger.
The orc wizard shouts!
You hear a shout!
An orc priest comes into view. It is wielding a -3 flail.
The orc priest shouts!
You hear a shout!
You aren't carrying any items that you can evoke.
An orc priest comes into view. It is wielding a +0 flail.
Found 8 gold pieces and an uncursed ring mail.
The orc priest invokes the aid of Beogh against you.
Beogh smites you! The orc wizard closely misses you.
Okay, then.
The orc priest calls down the wrath of Beogh upon you.
Beogh smites you!
You die...

.<######.. ..[.#
[......#....
....#####
#####+......
.......$. #
###.####........ # ..
##.....##........ #
....#.......#.....o..
###.
..#.......#........
...
......_....oo......
..
..#.......#@.......
.#
#.#.......#........
.#
#.##.....##.#######
.# #.####.####.#
.#####...........#
................##
...............##
...............#
...............#


You could see 2 orc priests and an orc wizard.

Vanquished Creatures
  An orc wizard (D:4)
  Natasha (twice) (D:3)
  An iguana (D:4)
  2 worker ants (D:4)
  2 adders
  An ooze (D:3)
  2 worms (D:3)
  3 dart slugs
  A leopard gecko (D:3)
  10 orcs
  5 bats
  5 giant cockroaches
  10 goblins
  4 hobgoblins
  9 jackals
  6 kobolds
  3 quokkas
  2 frilled lizards (D:1)
  A quokka skeleton (D:4)
  3 rats
73 creatures vanquished.

Notes
Turn   | Place    | Note
-------+----------+-------------------------------------------
     0 | D:1      | Borgoz the Halfling Gladiator began the quest for the Orb.
     0 | D:1      | Reached XP level 1. HP: 14/14 MP: 1/1
    80 | D:1      | Reached XP level 2. HP: 13/19 MP: 2/2
   588 | D:1      | Reached XP level 3. HP: 20/24 MP: 3/3
   876 | D:2      | Reached skill level 1 in Armour
   887 | D:2      | Reached skill level 1 in Stealth
  1036 | D:2      | Reached XP level 4. HP: 23/29 MP: 4/4
  1182 | D:2      | Found a sparkling altar of Nemelex Xobeh.
  1413 | D:3      | Found a runed translucent gate.
  1414 | D:3      | Found a runed translucent gate.
  1414 | D:3      | Found an opulent altar of Gozag.
  1415 | D:3      | Found a runed translucent gate.
  1424 | D:3      | Noticed p0werm0de's ghost (amateur DrWz)
  1603 | D:3      | Found a faded altar of an unknown god.
  1715 | D:3      | Reached XP level 5. HP: 34/34 MP: 5/5
  1752 | D:3      | Found a shattered altar of Ashenzari.
  1837 | D:3      | Became a worshipper of Ashenzari the Shackled
  1879 | D:3      | Noticed Natasha
  1893 | D:3      | Killed Natasha
  1896 | D:3      | Found a bloodstained altar of Trog.
  2063 | D:3      | Noticed Natasha
  2078 | D:3      | Killed Natasha
  2318 | D:4      | Reached skill level 1 in Spellcasting
  2318 | D:4      | Reached XP level 6. HP: 39/39 MP: 7/7
  2459 | D:4      | Found Etaschan's Book Emporium.
  2513 | D:4      | Found a hazy altar of Hepliaklqana.
  2521 | D:4      | Killed from afar by an orc priest

Levels and vault maps discovered:
D:1:      eino_arrival_cavern_a, layout_basic
D:2:      layout_rooms, first_ration, nemelex_altar_shiori
D:3:      layout_loops_ring, marbit_many_paths, lemuel_coloured_pillars_altar,
          chequers_ecumenical_altar_twisty, ebering_ghost_gozag, uniq_natasha
D:4:      layout_basic, old_standard_altar, serial_shops, kennysheep_mini_moat

Skill      XL: |  1  2  3  4  5  6 |
---------------+-------------------+-----
Armour         | 1 2 |  2.5
Stealth        | 1 2 |  2.0
Fighting       | 2 |  2.4
Short Blades   | 4 |  4.9
Dodging        | 4 |  4.4
Spellcasting   | 1 |  1.1
Throwing       | |  2.7

Action                   |  1- 3 |  4- 6 || total
-------------------------+-------+-------++-------
Melee: Rapier            |    89 |   186 ||   275
 Stab: Sleeping          |     1 |     1 ||     2
  Eat: Chunk             |       |     6 ||     6
Armor: Leather armour    |     6 |       ||     6
       Ring mail         |    22 |    52 ||    74
Dodge: Dodged            |    65 |   117 ||   182

Table legend:
 A = Non-vault XP
 B = Vault XP
 C = Vault XP percentage of total XP
 D = Non-vault monster count
 E = Vault monster count
 F = Vault count percentage of total count
                 A         B        C        D         E       F
            +---------+---------+-------+---------+---------+-------
      Total |     354 |      39 |   9.9 |      71 |       2 |   2.7
            +---------+---------+-------+---------+---------+-------
        D:1 |      30 |       0 |   0.0 |      17 |       0 |   0.0
        D:2 |      49 |       0 |   0.0 |      18 |       0 |   0.0
        D:3 |     118 |      39 |  24.8 |      27 |       2 |   6.9
        D:4 |     157 |       0 |   0.0 |       9 |       0 |   0.0
            +---------+---------+-------+---------+---------+-------
